 Dungeon Crawl Stone Soup version 0.30-a0-1160-g6e42c06551 (webtiles) character file.

Game seed: 13402977021981151916

2331 funkygono the Cleaver (level 9, -6/78 HPs)
             Began as a Minotaur Fighter on Apr 25, 2023.
             Mangled by an orc warlord
             ... wielding a +10 executioner's axe
              (33 damage)
             ... in a bailey.
             The game lasted 00:12:03 (5876 turns).

funkygono the Cleaver (Minotaur Fighter)            Turns: 5876, Time: 00:12:04

Health: -6/78      AC: 25    Str: 26    XL:     9   Next: 19%
Magic:  8/8        EV:  9    Int:  5    God:
Gold:   364        SH:  5    Dex: 13    Spells: 8/8 levels left

rFire   + . .        a - +1 war axe (venom)
rCold   + + .        c - +0 buckler
rNeg    . . .        b - +7 chain mail of Lifelessness {rF+ rC+ Will+ Str-2}
rPois   +            (helmet restricted)
rElec   .            y - +1 cloak
rCorr   .            z - +0 pair of gloves of Ziziuly {rC+ Str+3}
SInv    .            (no boots)
Will    +....        A - amulet of Midnight {Acrobat Dex+3 Stlth+} Stlth
                     B - +4 ring of protection
HPRegen 0.33/turn    s - ring of poison resistance
MPRegen 0.11/turn

%: acrobat
@: no status effects
A: horns 2, retaliatory headbutt
a: no special abilities


You were in a bailey.
You visited 2 branches of the dungeon, and saw 8 of its levels.
You also visited: Sewer, Ossuary and Bailey.

You collected 364 gold pieces.

Inventory:

Hand Weapons
 a - a +1 war axe of venom (weapon)
Missiles
 m - 2 throwing nets (quivered)
 u - 35 poisoned darts
 G - 24 boomerangs
Armour
 b - the +7 chain mail of Lifelessness (worn) {rF+ rC+ Will+ Str-2}
   (You found it on level 7 of the Dungeon)

   Str:       It affects your strength (-2).
   rF:        It protects you from fire.
   rC:        It protects you from cold.
   Will:      It increases your willpower.
 c - a +0 buckler (worn)
 y - a +1 cloak (worn)
 z - the +0 pair of gloves of Ziziuly (worn) {rC+ Str+3}
   (You found it on level 4 of the Dungeon)

   Str:       It affects your strength (+3).
   rC:        It protects you from cold.
 H - a +2 chain mail of cold resistance
Jewellery
 i - a ring of fire
 j - an amulet of magic regeneration
 o - an amulet of the acrobat
 s - a ring of poison resistance (right hand)
 t - a ring of flight
 A - the amulet of Midnight (around neck) {Acrobat Dex+3 Stlth+}
   (You found it on level 4 of the Dungeon)

   [amulet of the acrobat]

   It increases your evasion while moving and waiting.
   Dex:       It affects your dexterity (+3).
   Stlth:     It makes you more stealthy.
 B - a +4 ring of protection (left hand)
 C - a ring of protection from fire
 L - a ring of protection from fire
Wands
 n - a wand of flame (25)
Scrolls
 l - 2 scrolls of fear
 r - 3 scrolls of enchant armour
 F - a scroll of silence
 K - 3 scrolls of teleportation
Potions
 d - 2 potions of might
 e - 3 potions of heal wounds
 f - 7 potions of haste
 g - 3 potions of flight
 h - 5 potions of brilliance
 k - a potion of attraction
 p - 3 potions of cancellation
 q - a potion of curing
 v - a potion of berserk rage
 w - a potion of lignification
 x - a potion of magic {unknown}
 D - a potion of ambrosia {unknown}
 E - 3 potions of mutation
 I - a potion of invisibility {unknown}


   Skills:
 + Level 6.6 Fighting
 + Level 11.0 Axes
 + Level 7.1 Armour
 + Level 2.6 Dodging
 + Level 0.3 Stealth
 + Level 5.9 Shields


You had 8 spell levels left.
You didn't know any spells.
Your spell library contained the following spells:

 Spells                   Type           Power      Damage    Failure   Level
 Magic Dart               Conj           0%         1d3       95%         1
 Blink                    Tloc           0%         N/A       99%         2
 Call Imp                 Summ           0%         N/A       99%         2
 Poisonous Vapours        Pois/Air       0%         N/A       99%         2
 Mephitic Cloud           Conj/Pois/Air  0%         N/A       100%        3
 Manifold Assault         Tloc           0%         N/A       100%        4
 Freezing Cloud           Conj/Ice/Air   0%         6-21      100%        5
 Iskenderun's Battlesphe  Conj           0%         2d6       100%        5
 Iron Shot                Conj/Erth      0%         9d1       100%        6
 Spellforged Servitor     Conj/Summ      0%         N/A       100%        7
 Storm Form               Tmut/Air       0%         N/A       100%        7


Dungeon Overview and Level Annotations

Branches:
Dungeon (7/15)             Temple (1/1) D:6           Sewer (visited)
Ossuary (visited)          Bailey (1/1)

Altars:
Ashenzari
Cheibriados
Dithmenos
Elyvilon
Fedhas
Gozag
Hepliaklqana
Kikubaaqudgha
Makhleb
Nemelex Xobeh
Qazlal
Trog
Uskayaw
Vehumet
Wu Jian
Zin
The Shining One

Shops:
D:1 [


Innate Abilities, Weirdness & Mutations

You have a pair of horns on your head.
You reflexively headbutt those who attack you in melee.


Message History

The orc warlord hits you with a +10 executioner's axe!
You slash the orc warlord!
The orc warlord is poisoned.
The orc warlord is lightly wounded.
The orc warlord hits you with a +10 executioner's axe!
You hit the orc warlord.
The orc warlord looks as sick as possible!
The orc warlord is lightly wounded.
You hit the orc.
The orc is poisoned.
You block the orc's attack.
The orc warlord hits you but does no damage.
You hit the orc warlord.
The orc warlord looks as sick as possible!
You headbutt the orc warlord!
The orc warlord is moderately wounded.
You barely miss the orc. You block the orc's attack.
The orc warlord hits you with a +10 executioner's axe!!
You closely miss the orc warlord.
The orc warlord is moderately wounded.
You hit the orc.
You kill the orc!
The orc warlord hits you with a +10 executioner's axe!
You slash the orc warlord!
The orc warlord looks as sick as possible!
You headbutt the orc warlord.
The orc warlord is heavily wounded.
The orc warlord hits you with a +10 executioner's axe.
* * * LOW HITPOINT WARNING * * *
You slash the orc warlord!
The orc warlord looks as sick as possible!
The orc warlord is heavily wounded.
The orc warlord hits you with a +10 executioner's axe!!
* * * LOW HITPOINT WARNING * * *
You closely miss the orc warlord. You headbutt the orc warlord.
The orc warlord is heavily wounded.
The orc warlord hits you with a +10 executioner's axe.
* * * LOW HITPOINT WARNING * * *
You feel much better. You block the orc warlord's attack.
You closely miss the orc warlord.
The orc warlord is heavily wounded.
The orc warlord hits you with a +10 executioner's axe!!
You die...

#..8..8.÷÷..........8..8..#
#......÷..÷...............#
##......####...####......##
♣##....##~~#####~~##....##♣
♣.##.))#~)?8...8?:~#...##.♣
♣♣..###)#~.........~#'###..♣♣
♣...~~~.#~..8...8..~#.~~~...♣
♣♣...~~~.##....o....##.~~~...♣♣
♣∩...~~~.#~...)@....~#.~~~...∩♣
♣♣...~~~.#~.........~#.~~~...♣♣
♣...~~~.#~~.8...8.~~#.~~~...♣
♣♣..###'###.......###'###..♣♣
♣.##.)..#~.8...8.~#....##.♣
♣##.....#~~~~~~~~~#.....##♣
##....).####~~~####).....##
#...8...)..#'''#..))..8...#
#...............)..†......#


You could see an orc warlord (extremely poisoned).

Vanquished Creatures
  Grinder (D:6)
  Edmund (D:5)
  A black bear (D:5)
  5 orc warriors
  An ogre (D:4)
  2 phantoms
  2 kobold brigands (Sewer)
  Blork the orc (D:5)
  An elf zombie (Ossuary)
  2 bullfrogs
  A scorpion (D:5)
  3 centaur zombies (Ossuary)
  A hound (D:5)
  An orc priest (D:5)
  A gnoll bouda (D:6)
  A jelly (D:6)
  A sleepcap (D:6)
  2 iguanas
  3 hound zombies (Ossuary)
  4 mummies
  12 gnolls
  6 adders
  A shadow imp (D:7)
  2 white imps (D:6)
  An ufetubus (D:6)
  5 adder zombies
  4 dart slugs
  16 orcs
  8 ball pythons
  10 endoplasms
  5 giant cockroaches
  9 goblins
  4 hobgoblins
  2 jackals (D:4)
  33 kobolds
  9 quokkas
  6 bats
  7 frilled lizards
  2 gnoll zombies (Ossuary)
  5 goblin zombies (Ossuary)
  5 hobgoblin zombies (Ossuary)
  A jackal skeleton (D:2)
  2 jackal zombies (Ossuary)
  2 kobold zombies (Ossuary)
  2 orc zombies (Ossuary)
  4 quokka zombies
  10 rats
  6 rat zombies (Ossuary)
214 creatures vanquished.

Vanquished Creatures (others)
  A fungus (Sewer)
  4 plants
  A withered plant (D:2)
6 creatures vanquished.

Grand Total: 220 creatures vanquished

Notes
Turn   | Place    | Note
-------+----------+-------------------------------------------
     0 | D:1      | funkygono the Minotaur Fighter began the quest for the Orb.
     0 | D:1      | Reached XP level 1. HP: 19/19 MP: 0/0
    28 | D:1      | Found a faded altar of an unknown god.
   138 | D:1      | Found Litsiaf's Antique Armour Shop.
   238 | D:1      | Reached XP level 2. HP: 27/27 MP: 1/1
   487 | D:1      | Reached skill level 3 in Axes
   659 | D:2      | Reached XP level 3. HP: 31/33 MP: 2/2
   739 | D:2      | Reached XP level 4. HP: 32/40 MP: 3/3
   741 | D:2      | Reached skill level 4 in Axes
   980 | D:2      | Reached XP level 5. HP: 46/46 MP: 4/4
  1656 | D:3      | Reached skill level 5 in Axes
  2016 | D:4      | Noticed a phantom
  2023 | D:4      | Noticed an ogre
  2028 | D:4      | Killed an ogre
  2029 | D:4      | Reached skill level 1 in Dodging
  2029 | D:4      | Reached XP level 6. HP: 39/53 MP: 5/5
  2231 | D:4      | Reached skill level 6 in Axes
  2231 | D:4      | Reached skill level 5 in Armour
  2235 | D:4      | Identified the +0 pair of gloves of Ziziuly {rC+ Str+3}
  2301 | D:4      | Noticed an orc warrior
  2310 | D:4      | Killed an orc warrior
  2404 | D:4      | Identified the amulet of Midnight {Acrobat Dex+3 Stlth+}
  2585 | D:5      | Entered Level 5 of the Dungeon
  2588 | D:5      | Noticed Blork the orc
  2602 | D:5      | Killed Blork the orc
  2603 | D:5      | Reached skill level 5 in Fighting
  2603 | D:5      | Reached XP level 7. HP: 45/61 MP: 6/6
  2607 | D:5      | Reached skill level 7 in Axes
  2840 | D:5      | Reached skill level 5 in Shields
  3207 | D:5      | Noticed Edmund
  3236 | D:5      | Killed Edmund
  3237 | D:5      | Reached skill level 8 in Axes
  3237 | D:5      | Reached XP level 8. HP: 8/69 MP: 7/7
  3618 | D:6      | Found a sand-covered staircase.
  3627 | Ossuary  | Entered an ossuary
  3834 | Ossuary  | Reached skill level 9 in Axes
  3949 | D:6      | Found an ancient bone altar of Kikubaaqudgha.
  4105 | D:6      | Found a glowing drain.
  4122 | Sewer    | Entered a sewer
  4515 | D:6      | Found a shadowy altar of Dithmenos.
  4725 | D:6      | Found a staircase to the Ecumenical Temple.
  4728 | D:6      | Noticed Grinder
  4744 | D:6      | Killed Grinder
  4745 | D:6      | Reached skill level 10 in Axes
  4753 | Temple   | Entered the Ecumenical Temple
  5183 | D:6      | Found a glowing silver altar of Zin.
  5379 | D:7      | Identified the +7 chain mail of Lifelessness {rF+ rC+ Will+
                  | Str-2}
  5449 | D:7      | Found a sparkling altar of Nemelex Xobeh.
  5450 | D:7      | Found a snail-covered altar of Cheibriados.
  5548 | D:7      | Found a flagged portal.
  5557 | Bailey   | Entered a bailey
  5562 | Bailey   | Noticed an orc warlord
  5706 | Bailey   | Reached XP level 9. HP: 77/77 MP: 8/8
  5735 | Bailey   | Found a runed translucent gate.
  5735 | Bailey   | Found a runed translucent gate.
  5735 | Bailey   | Found a runed translucent gate.
  5756 | Bailey   | Reached skill level 11 in Axes
  5874 | Bailey   | HP: 3/78 [orc warlord/+10 executioner's axe (1)]
  5876 | Bailey   | Mangled by an orc warlord

Illustrated notes

Levels and vault maps discovered:
D:1:      shiori_arrival_maze, layout_basic, serial_shops, shop,
          hellmonk_ecumenical_altar_crossroads, minmay_misc_feat_secret_circle,
          st_stairs_2
D:2:      layout_loops_ring, serial_undead, serial_undead_c, serial_undead_a,
          serial_undead_c, serial_undead_c, serial_bayou_pond_e, st_stairs_2,
          kennysheep_generic_room_4
D:3:      layout_basic, minmay_misc_feat_room
D:4:      layout_basic, ebering_dispersal_statue_hall
D:5:      layout_loops_ring, chequers_serial_rivers_small_a, uniq_blork_the_orc,
          uniq_edmund
D:6:      nicolae_cairo_tiling_large, layout_loops_ring, marbit_many_paths,
          mainiacjoe_overflow_concentric_impassable,
          nicolae_dithmenos_through_a_glass_darkly,
          minmay_temple_entry_butterflies, portal_sewer_entry_f,
          gup_ossuary_entry_pyramid, columned_hall_lemuel, uniq_grinder
D:7:      layout_loops_ring, mainiacjoe_overflow_large_starburst, enter_bailey_2
Temple:   hellmonk_temple_forest_ring
Bailey:   bailey_axe_bossmonster_kennysheep, bailey

Skill      XL: |  1  2  3  4  5  6  7  8  9 |
---------------+----------------------------+-----
Armour         | 4 5 6 7 |  7.1
Axes           | 3 4 5 6 8 10 11 | 11.0
Fighting       | 4 5 6 |  6.6
Shields        | 4 5 |  5.9
Dodging        | 1 2 |  2.6
Stealth        | |  0.3

Action                     |  1- 3 |  4- 6 |  7- 9 || total
---------------------------+-------+-------+-------++-------
  Melee: War axe           |    59 |   132 |   254 ||   445
         Headbutt          |    13 |    18 |    58 ||    89
    Use: Scroll            |       |     8 |    13 ||    21
         Potion            |       |       |     1 ||     1
 Armour: Scale mail        |    20 |    78 |    14 ||   112
         Chain mail        |       |       |    86 ||    86
  Dodge: Dodged            |    36 |    77 |   147 ||   260
  Block: Buckler           |    13 |    31 |    63 ||   107

Table legend: (Time is in decaauts)
 A = Elapsed time spent in this place.
 B = Non-inter-level travel time spent in this place.
 C = Inter-level travel time spent in this place.
 D = Time resting spent in this place.
 E = Time spent auto-exploring this place.
 F = Levels seen in this place.
 G = Mean time per level.
                   A        B        C        D        E       F      G
               +--------+--------+--------+--------+--------+-----+--------+
         Total |   5983 |   5809 |    174 |    362 |   3677 |  11 |  543.9 |
       Dungeon |   4924 |   4768 |    156 |    362 |   3219 |   7 |  703.4 |
        Temple |    203 |    185 |     18 |      0 |    175 |   1 |  203.0 |
         Sewer |    271 |    271 |      0 |      0 |    174 |   1 |  271.0 |
       Ossuary |    259 |    259 |      0 |      0 |      0 |   1 |  259.0 |
        Bailey |    323 |    323 |      0 |      0 |    109 |   1 |  323.0 |
               +--------+--------+--------+--------+--------+-----+--------+

Top non-repeatable levels by time:
     D:6: 1042 daAuts
     D:5: 1029 daAuts
     D:2: 860 daAuts
     D:1: 644 daAuts
     D:4: 623 daAuts
     D:3: 513 daAuts
  Bailey: 323 daAuts
   Sewer: 271 daAuts
 Ossuary: 259 daAuts
     D:7: 212 daAuts
  Temple: 203 daAuts
